 Dungeon Crawl Stone Soup version 0.26-a0-812-g31a745ddcd (webtiles) character file.

Game seed: 7420324212523012853

120647 Flubbersnuff the Severer (level 16, -34/154 HPs)
             Began as a Minotaur Berserker on Dec 5, 2020.
             Was the Champion of Trog.
             Killed from afar by a deep elf mage (42 damage)
             ... with a bolt of fire
             ... on level 15 of the Dungeon.
             The game lasted 01:46:22 (28534 turns).

Flubbersnuff the Severer (Minotaur Berserker)      Turns: 28534, Time: 01:46:25

Health: -34/154    AC: 26    Str: 38    XL:     16   Next: 30%
Magic:  0/24       EV: 16    Int:  4    God:    Trog [******]
Gold:   3908       SH:  0    Dex: 10    Spells: 15/15 levels left

rFire    . . .     SeeInvis +   a - +4 executioner's axe (freeze)
rCold    . . .     Faith    .   (shield currently unavailable)
rNeg     + + +     Spirit   +   S - +3 plate armour {rPois}
rPois    +         Reflect  .   (helmet restricted)
rElec    .         Harm     .   d - scarf {repulsion}
rCorr    .         Rampage  .   c - +0 pair of gloves of Honour {MP+9 SInv}
MR       +....                  (no boots)
Stlth    ..........             Q - amulet of Virchym {Spirit rPois rF- rN+++ Str+9}
HPRegen  0.35/turn              F - +4 ring of protection
MPRegen  0.19/turn              k - ring of protection from fire

@: berserk cooldown, slowed, repel missiles, very slow
A: retaliatory headbutt, horns 2
a: Berserk, Trog's Hand, Brothers in Arms, Renounce Religion


You were on level 15 of the Dungeon.
You worshipped Trog.
Trog was exalted by your worship.
You visited 4 branches of the dungeon, and saw 24 of its levels.
You visited 1 bazaar.
You also visited: Bailey and Ice Cave.

You collected 4128 gold pieces.
You spent 220 gold pieces at shops.

Inventory:

Hand Weapons
 a - a +4 executioner's axe of freezing (weapon)
 b - the +7 battleaxe of Trog's Hope {vorpal, +Blink rPois rC-}
   (Trog gifted it to you on level 14 of the Dungeon)

   It inflicts extra damage upon your enemies.
   It makes you vulnerable to cold.
   It protects you from poison.
   It lets you blink.
 e - the +8 mithril axe "Arga" {speed, MR+}
   (Trog gifted it to you on level 2 of the Orcish Mines)

   Attacks with this weapon are significantly faster.
   It affects your resistance to hostile enchantments.
 M - a +3 scythe of flaming
 R - a +2 vampiric battleaxe
Armour
 c - the +0 pair of gloves of Honour (worn) {MP+9 SInv}
   (You found it on level 6 of the Lair of Beasts)

   It affects your magic capacity (+9).
   It lets you see invisible.
 d - a scarf of repulsion (worn)
 K - +0 ice dragon scales
 S - a +3 plate armour of poison resistance (worn)
Jewellery
 k - a ring of protection from fire (right hand)
 p - a +6 ring of strength
 y - an uncursed ring of ice
 A - an uncursed amulet of regeneration
 F - a +4 ring of protection (left hand)
 N - an uncursed ring of see invisible
 Q - the amulet of Virchym (around neck) {Spirit rPois rF- rN+++ Str+9}
   (You found it in an ice cave)

   [amulet of guardian spirit]

   It causes incoming damage to be split between your health and magic.
   It affects your strength (+9).
   It makes you vulnerable to fire.
   It protects you from poison.
   It renders you almost immune to negative energy.
Wands
 g - a wand of paralysis (26)
 q - a wand of flame (14)
 u - a wand of disintegration (20)
 C - a wand of iceblast (11)
 I - a wand of enslavement (6)
 L - a wand of polymorph (15)
Scrolls
 h - a scroll of blinking
 i - 10 scrolls of remove curse
 l - 2 scrolls of fear
 n - 7 scrolls of identify
 s - 3 scrolls of enchant weapon
 t - 2 scrolls of teleportation
 B - a scroll of magic mapping
 D - 2 scrolls of summoning
 E - 4 scrolls of enchant armour
 G - 3 scrolls of immolation
 H - 2 scrolls of fog
Potions
 f - 3 potions of ambrosia
 j - 4 potions of might
 m - 7 potions of heal wounds
 o - 5 potions of curing
 r - 4 potions of resistance
 v - a potion of cancellation
 w - 4 potions of flight
 x - 3 potions of lignification
 z - 4 potions of haste


   Skills:
 + Level 16.9 Fighting
 * Level 18.1 Axes
 + Level 16.7 Armour
 + Level 15.5 Dodging


You had 15 spell levels left.
You didn't know any spells.
Your spell library was empty.

Dungeon Overview and Level Annotations

Branches:
Dungeon (15/15)            Temple (1/1) D:4            Lair (6/6) D:11
  Swamp (0/4) Lair:2       Shoals (0/4) Lair:4        Slime (0/5) Lair:5
    Orc (2/2) D:12            Elf (0/3) Orc:2        Vaults (0/5) D:13
 Bailey (visited)           IceCv (visited)
 Depths: D:15

Altars:
Ashenzari
Cheibriados
Dithmenos
Elyvilon
Fedhas
Gozag
Hepliaklqana
Kikubaaqudgha
Makhleb
Nemelex Xobeh
Okawaru
Qazlal
Ru
Sif Muna
Trog
Uskayaw
Vehumet
Wu Jian
Xom
Yredelemnul
Zin
The Shining One
Jiyva

Shops:
Orc:1 ?   Orc:2 **(*!

Portals:
Trove: D:11 (give 4 potions of resistance)


Innate Abilities, Weirdness & Mutations

You reflexively headbutt those who attack you in melee.
You have a pair of horns on your head.


Message History

You feel much better.
The fire elemental disappears in a puff of smoke!
The fire elemental hits you. The fire elemental burns you!
* * * LOW HITPOINT WARNING * * *
The fire elemental hits you. The fire elemental burns you!
* * * LOW HITPOINT WARNING * * *
The fire elemental hits you. The fire elemental burns you!
* * * LOW HITPOINT WARNING * * *
The fire elemental barely misses you. The fire elemental closely misses you.
The fire elemental hits you. The fire elemental burns you!
* * * LOW HITPOINT WARNING * * *
The fire elemental hits you. The fire elemental burns you!
* * * LOW HITPOINT WARNING * * *
The fire elemental hits you. The fire elemental burns you!
* * * LOW HITPOINT WARNING * * *
The deep elf mage gestures at you while chanting.
The bolt of fire hits the fire elemental.
The fire elemental completely resists.
The bolt of fire hits you!!!
You die...

##.#.##...#.##
#....#.!......
#...C.........
#............#
#.............
#.(.°°.......#
#########....☼○e..##.
#............EE..##
#.............@.##
#...............#
###..###.....#..#
####..## ####))...# #
......# #.)).#.# ≈#
......######....#.# ≈≈#
......#.....(.....# ≈≈≈#
.................##≈≈≈≈≈
......#...(.....†..≈≈≈≈≈


You could see a cyclops, a deep elf mage and 2 fire elementals.

Vanquished Creatures
  Rupert (D:14)
  Louise (D:14)
  An orc warlord (D:12)
  Snorg (D:14)
  An ettin (Orc:2)
  Erolcha (Orc:1)
  Fannar (D:12)
  Josephine (D:12)
  2 ice dragons (IceCv)
  9 hydras
  8 vault guards (D:13)
  2 boulder beetles
  20 two-headed ogres
  4 catoblepae
  3 centaur warriors (D:14)
  5 ogre magi
  A death knight (D:14)
  8 death yaks
  Nergalle (Lair:3)
  Sonja (D:13)
  An unseen horror (D:14)
  A swamp dragon (shapeshifter) (D:14)
  2 wizards (D:14)
  A lindwurm (shapeshifter) (D:15)
  A deep elf mage (D:15)
  A lindwurm (Lair:6)
  A bog body (Lair:2)
  An orc knight (Orc:2)
  10 ugly things
  2 orc sorcerers
  5 oklob plants
  A cyclops (Orc:2)
  2 centaur zombies (D:14)
  4 manticores
  2 ice statues (IceCv)
  Maurice (Orc:1)
  2 black mambas
  15 cane toads
  14 elephants
  A molten gargoyle (D:14)
  A torpor snail (Lair:5)
  8 rime drakes
  9 komodo dragons
  4 trolls
  A polar bear (Lair:5)
  20 blink frogs
  A harpy skeleton (D:15)
  A hornet (D:13)
  A dream sheep (Lair:1)
  8 slime creatures
  A centaur simulacrum (D:14)
  73 yaks
  Sigmund (D:3)
  A water elemental (D:14)
  2 spriggans (shapeshifter)
  8 wraiths
  10 wyverns
  3 vampire mosquitoes (D:14)
  A steam dragon (D:8)
  3 basilisks
  3 wargs (D:12)
  A soldier ant (D:14)
  Duvessa (D:5)
  13 water moccasins
  6 black bears
  19 orc warriors
  25 ice beasts
  3 sky beasts
  16 wolves
  3 phantoms (D:9)
  A boggart (D:15)
  A necrophage (D:10)
  42 ogres
  13 centaurs
  Blork the orc (D:5)
  2 big kobolds
  22 bullfrogs
  Dowan (D:5)
  A water moccasin zombie (D:7)
  A wyvern skeleton (D:9)
  A ballistomycete (Lair:3)
  5 scorpions
  17 killer bees
  2 howler monkeys
  18 wights
  2 electric eels
  A lava snake (D:14)
  4 hounds
  2 quasits
  3 jellies
  6 centaur skeletons
  2 bullfrog zombies
  11 orc priests
  2 bullfrog skeletons
  Jessica (D:3)
  3 iguanas
  Ijyb (D:3)
  25 orc wizards
  16 worker ants
  2 killer bee zombies
  2 ogre zombies (Orc:1)
  Robin (D:2)
  3 worker ant zombies
  4 gnolls (D:7)
  A howler monkey skeleton (D:9)
  14 adders
  A shadow imp (D:9)
  3 adder zombies
  4 worms (D:2)
  A dart slug (D:1)
  2 leopard geckos
  78 orcs
  6 bats
  6 giant cockroaches
  27 goblins
  8 hobgoblins
  13 jackals
  17 kobolds
  3 quokkas
  2 frilled lizards
  A leopard gecko skeleton (D:5)
  9 rats
  8 ballistomycete spores (Lair:3)
  15 bushes (D:13)
  A plant (D:13)
826 creatures vanquished.

Vanquished Creatures (collateral kills)
  A two-headed ogre (D:11)
  A wraith (D:11)
  A water moccasin (D:11)
  A scorpion (D:11)
  A killer bee (D:11)
  4 kobolds (D:11)
9 creatures vanquished.

Vanquished Creatures (others)
  An orc wizard (Orc:1)
  11 ballistomycete spores (Lair:3)
  A fire vortex (D:14)
  55 fungi
  221 plants
  15 toadstools (D:13)
304 creatures vanquished.

Grand Total: 1139 creatures vanquished

Notes
Turn   | Place    | Note
-------+----------+-------------------------------------------
     0 | D:1      | Flubbersnuff the Minotaur Berserker began the quest for the
                  | Orb.
     0 | D:1      | Reached XP level 1. HP: 19/19 MP: 0/0
   334 | D:1      | Reached XP level 2. HP: 27/27 MP: 1/1
   850 | D:2      | Reached skill level 4 in Axes
   953 | D:2      | Noticed Robin
   958 | D:2      | Reached XP level 3. HP: 33/33 MP: 2/2
   965 | D:2      | Reached ** piety under Trog
   981 | D:2      | Killed Robin
  1111 | D:2      | Reached XP level 4. HP: 41/41 MP: 3/3
  1237 | D:2      | Reached *** piety under Trog
  1875 | D:3      | Noticed Sigmund
  1919 | D:3      | Found a shimmering blue altar of Sif Muna.
  1965 | D:3      | Reached XP level 5. HP: 47/47 MP: 4/4
  2014 | D:3      | Killed Sigmund
  2014 | D:3      | Reached skill level 5 in Fighting
  2014 | D:3      | Reached skill level 5 in Axes
  2014 | D:3      | Reached XP level 6. HP: 56/56 MP: 5/5
  2310 | D:3      | Found a snail-covered altar of Cheibriados.
  2310 | D:3      | Found a basalt altar of Yredelemnul.
  2404 | D:3      | Noticed Ijyb
  2409 | D:3      | Killed Ijyb
  2491 | D:3      | Found a faded altar of an unknown god.
  2518 | D:3      | Noticed Jessica
  2525 | D:3      | Killed Jessica
  2836 | D:4      | Reached **** piety under Trog
  2843 | D:4      | Reached skill level 5 in Armour
  2843 | D:4      | Reached XP level 7. HP: 16/62 MP: 6/6
  3147 | D:4      | Found a staircase to the Ecumenical Temple.
  3537 | Temple   | Entered the Ecumenical Temple
  3691 | D:5      | Entered Level 5 of the Dungeon
  3716 | D:5      | Noticed Duvessa
  3716 | D:5      | Noticed Dowan
  3719 | D:4      | Reached skill level 6 in Axes
  3758 | D:5      | Noticed Blork the orc
  3772 | D:5      | Killed Blork the orc
  3772 | D:5      | Reached skill level 5 in Dodging
  4008 | D:5      | Found a stormy altar of Qazlal.
  4122 | D:5      | Reached XP level 8. HP: 71/71 MP: 7/7
  4540 | D:5      | Killed Duvessa
  4555 | D:5      | Killed Dowan
  5056 | D:6      | Reached skill level 7 in Axes
  5179 | D:6      | Identified the Handbook of the Mountains and Flames
  5250 | D:6      | Found a hide-covered altar of Uskayaw.
  5261 | D:6      | Found a shimmering altar of Xom.
  5451 | D:7      | Found an opulent altar of Gozag.
  5628 | D:7      | Reached XP level 9. HP: 74/81 MP: 8/8
  5639 | D:7      | Reached skill level 8 in Axes
  5930 | D:7      | Reached ***** piety under Trog
  6762 | D:8      | Found a flagged portal.
  6769 | Bailey   | Entered a bailey
  6769 | Bailey   | Noticed an orc knight
  6773 | Bailey   | Noticed an orc knight
  7192 | D:8      | Reached skill level 9 in Axes
  7887 | D:9      | Reached XP level 10. HP: 91/91 MP: 9/9
  7900 | D:9      | Found a shadowy altar of Dithmenos.
  8400 | D:10     | Entered Level 10 of the Dungeon
  8628 | D:10     | Reached skill level 10 in Fighting
  8636 | D:10     | Reached skill level 10 in Axes
  9109 | D:11     | Reached skill level 10 in Armour
  9110 | D:11     | Received a gift from Trog
  9200 | D:11     | Lost intelligence.
  9465 | D:11     | Reached ****** piety under Trog
  9579 | D:11     | Reached XP level 11. HP: 75/101 MP: 10/10
  9647 | D:11     | Found a staircase to the Lair.
  9669 | D:11     | Noticed a two-headed ogre
  9674 | D:11     | Killed a two-headed ogre
  9676 | D:11     | Reached skill level 11 in Axes
  9925 | D:11     | Found a portal to a secret trove of treasure.
 10001 | D:11     | Reached skill level 10 in Dodging
 10072 | D:12     | Noticed a four-headed hydra
 10077 | D:12     | Killed a one-headed hydra
 10142 | Lair:1   | Entered Level 1 of the Lair of Beasts
 10542 | Lair:1   | Noticed a four-headed hydra
 10552 | Lair:1   | Killed a one-headed hydra
 10916 | Lair:1   | Reached skill level 12 in Axes
 11314 | Lair:2   | Noticed a seven-headed hydra
 11321 | Lair:1   | Reached XP level 12. HP: 86/112 MP: 11/11
 11388 | Lair:2   | Killed a four-headed hydra
 11666 | Lair:2   | Found a staircase to the Swamp.
 12717 | Lair:3   | Found a frozen archway.
 12736 | IceCv    | Entered an ice cave
 12953 | IceCv    | Received a gift from Trog
 13208 | IceCv    | Reached skill level 13 in Axes
 13373 | IceCv    | Noticed an ice dragon
 13373 | IceCv    | Noticed an ice dragon
 13384 | IceCv    | Killed an ice dragon
 13386 | IceCv    | HP: 4/172 [ice dragon/blast of cold (37)]
 13387 | IceCv    | Killed an ice dragon
 13572 | IceCv    | Got a glittering pewter amulet
 13794 | IceCv    | Identified the amulet of Virchym {Spirit rPois rF- rN+++
                  | Str+9} (You found it in an ice cave)
 14134 | Lair:3   | Noticed Nergalle
 14152 | Lair:3   | Killed Nergalle
 14657 | Lair:3   | HP: 3/115 [acid (9)]
 15450 | Lair:3   | Reached XP level 13. HP: 118/122 MP: 12/12
 16859 | Lair:3   | Identified Domoegul's Grimoire of Beyond
 17068 | Lair:4   | Found a staircase to the Shoals.
 17814 | Lair:5   | Found a staircase to the Slime Pits.
 17814 | Lair:5   | Found a viscous altar of Jiyva.
 17994 | Lair:5   | Reached skill level 14 in Axes
 18728 | Lair:5   | You fall into a shaft and drop 1 floor!
 18728 | Lair:6   | Entered Level 6 of the Lair of Beasts
 18740 | Lair:5   | Received a gift from Trog
 19137 | Lair:5   | Reached XP level 14. HP: 86/133 MP: 8/13
 19847 | Lair:6   | Reached skill level 15 in Fighting
 19897 | Lair:6   | Reached skill level 15 in Axes
 20214 | Lair:6   | Reached skill level 15 in Armour
 20455 | Lair:6   | Received a gift from Trog
 20542 | Lair:6   | Got a pair of transparent gloves
 20553 | Lair:6   | Identified the +0 pair of gloves of Honour {MP+9 SInv} (You
                  | found it on level 6 of the Lair of Beasts)
 21339 | D:12     | Found a staircase to the Orcish Mines.
 21362 | D:12     | Noticed Fannar
 21371 | D:12     | Killed Fannar
 21634 | D:12     | Noticed Josephine
 21639 | D:12     | Killed Josephine
 22273 | Orc:1    | Entered Level 1 of the Orcish Mines
 22274 | Orc:1    | Noticed an orc warlord
 22312 | D:12     | Killed an orc warlord
 22795 | Orc:1    | Found Duosump's Magic Scroll Emporium.
 22822 | Orc:1    | Noticed Erolcha
 22826 | Orc:1    | Killed Erolcha
 22867 | Orc:1    | Noticed Maurice
 22868 | Orc:1    | Received a gift from Trog
 22874 | Orc:1    | Killed Maurice
 22874 | Orc:1    | Reached XP level 15. HP: 131/143 MP: 14/14
 22885 | Orc:1    | Reached skill level 16 in Axes
 23041 | Orc:1    | Bought a scroll of brand weapon for 220 gold pieces
 23106 | Orc:1    | Identified a scroll of acquirement
 23106 | Orc:1    | Acquired a scarf of repulsion
 23433 | Orc:2    | Entered Level 2 of the Orcish Mines
 23524 | Orc:2    | Found Basixem's Assorted Antiques.
 23524 | Orc:2    | Found Soehufecs's General Store.
 23524 | Orc:2    | Found Wexoog's Distillery.
 23524 | Orc:2    | Found Jereywk's Weapon Boutique.
 24108 | Orc:2    | Received a gift from Trog
 24109 | Orc:2    | Found the +8 mithril axe "Arga" {speed, MR+}
 24308 | Orc:2    | Found a staircase to the Elven Halls.
 24372 | Orc:2    | Found Asongara's Assorted Antiques.
 24761 | D:13     | Found a gate to the Vaults.
 24779 | D:13     | Reached skill level 17 in Axes
 24783 | D:13     | Reached skill level 15 in Dodging
 25182 | D:13     | Noticed Sonja
 25192 | D:13     | Killed Sonja
 25427 | D:13     | Found a blossoming altar of Fedhas.
 26235 | D:14     | Found a flickering gateway to a bazaar.
 26241 | Bazaar   | Entered a bazaar
 26241 | Bazaar   | Found Ogruegen's Gadget Shoppe.
 26241 | Bazaar   | Found Unlaxam's Assorted Antiques.
 26265 | Bazaar   | Found Raucheac's Distillery.
 26279 | Bazaar   | Found Impuade's Armour Emporium.
 26630 | D:14     | Identified the +8 fustibalus of Qesaiz {vorpal, rC++ Int+2
                  | Dex+2}
 26855 | D:14     | Noticed Snorg
 26862 | D:14     | Killed Snorg
 27092 | D:14     | Reached XP level 16. HP: 150/152 MP: 15/15
 27378 | D:14     | Received a gift from Trog
 27379 | D:14     | Got a transparent battleaxe {god gift}
 27381 | D:14     | Identified the +7 battleaxe of Trog's Hope {vorpal, +Blink
                  | rPois rC-} (Trog gifted it to you on level 14 of the
                  | Dungeon)
 27490 | D:14     | Noticed Rupert
 27491 | D:14     | Noticed Louise
 27499 | D:14     | Killed Rupert
 27507 | D:14     | Killed Louise
 28204 | D:15     | Entered Level 15 of the Dungeon
 28292 | D:15     | Reached skill level 18 in Axes
 28534 | D:15     | Killed from afar by a deep elf mage

Illustrated notes

Levels and vault maps discovered:
D:1:      evilmike_arrival_crescent, layout_basic, serial_bayou_crossing
D:2:      layout_basic, chequers_serial_rivers_small_3, chequers_big_river,
          minmay_tetromino_i2, uniq_robin
D:3:      kennysheep_the_goblin_king, layout_loops_ring,
          gammafunk_temple_overflow_elements, overflow_temple_1_default,
          chequers_ecumenical_altar_simple, uniq_jessica, uniq_sigmund,
          uniq_ijyb
D:4:      layout_loops_ring, minmay_temple_entry_large_hall
D:5:      layout_cave_pools, abandoned_shop, chequers_serial_rivers_micro_d,
          grunt_ministairs_6, grunt_qazlal_sundering, uniq_blork_the_orc,
          uniq_duvessa
D:6:      layout_cave_pools, kennysheep_mini, kennysheep_little_box
D:7:      layout_cave_pools, nicolae_gozag_seed_capital, grunt_ogre_cave,
          hangedman_abyss_or_decor_lesser_grid, chequers_serial_rivers_room_b
D:8:      layout_cave_pools, enter_bailey_3, hangedman_abyss_or_decor_stabs
D:9:      layout_roguey, grunt_dithmenos_smoke_and_mirrors
D:10:     layout_rooms
D:11:     layout_roguey, minmay_lair_entry_grove, enter_trove_6,
          minmay_misc_feat_plants
D:12:     layout_basic, minmay_orc_entry_guard_dogs, uniq_fannar, uniq_josephine
D:13:     layout_stronghold, erik_vaults_2, grunt_decor_one_mirror, tgw_fedhas,
          uniq_sonja
D:14:     layout_basic, minmay_tree_intersection, serial_bayou,
          serial_bayou_ford_a, serial_bayou_pond_b, serial_bayou_lagoon_a,
          serial_bayou_pond_e, serial_shops, bzr_entry_road, minivault_1,
          uniq_snorg, uniq_louise, uniq_rupert
D:15:     grunt_enter_depths_snipers, layout_rooms,
          chequers_serial_rivers_large_a
Temple:   regret_index_temple_waves
Lair:1:   wander_river, layout_chaotic_city, chequers_serial_rivers_micro_b,
          wad_woods_river_01
Lair:2:   layout_big_grid, skrybe_swamp_entry_bodies
Lair:3:   layout_regular_city, portal_ice_cave_entry_ice_beasts,
          minmay_lair_oklob_chamber, uniq_nergalle
Lair:4:   layout_gridlike, elwin_shoals_entry_rocks
Lair:5:   layout_regular_city, slime_altar_1, grunt_forest_small_clearings
Lair:6:   evilmike_catoblepas_cave, layout_long_grid,
          eino_small_chamber_without_monster
Orc:1:    lemuel_ogre_cave, layout_caves, serial_shops,
          nicolae_shop_window_shopping, uniq_erolcha, uniq_maurice
Orc:2:    st_orc_ogre_mass, layout_caves, serial_shops, shop

Skill      XL: |  1  2  3  4  5  6  7  8  9 10 11 12 13 14 15 16 |
---------------+-------------------------------------------------+-----
Fighting       | 4 5 6 8 9 10 12 13 14 15 16 | 16.9
Axes           | 4 5 6 7 9 10 12 13 14 15 17 18 | 18.1
Armour         | 3 4 5 6 7 9 10 11 13 14 15 16 | 16.7
Dodging        | 3 4 5 6 8 9 10 12 13 14 15 | 15.5

Action                   |  1- 3 |  4- 6 |  7- 9 | 10-12 | 13-15 | 16-18 || total
-------------------------+-------+-------+-------+-------+-------+-------++-------
Melee: Hand axe          |    13 |       |       |       |       |       ||    13
       Headbutt          |    14 |    16 |    30 |   106 |   251 |    25 ||   442
       Spear             |    83 |    66 |       |       |       |       ||   149
       Scythe            |       |    46 |   289 |   488 |    25 |       ||   848
       Battleaxe         |       |       |       |   112 |   415 |    13 ||   540
       Executioner's axe |       |       |       |       |   379 |    80 ||   459
Invok: Berserk           |       |     1 |     3 |     5 |     3 |     1 ||    13
       Brothers in Arms  |       |       |       |     1 |       |       ||     1
Evoke: Wand              |       |       |       |    11 |    11 |       ||    22
  Use: Scroll            |       |       |    13 |    16 |    12 |       ||    41
       Potion            |       |       |       |     1 |     1 |     2 ||     4
 Stab: Sleeping          |     1 |       |       |       |       |       ||     1
       Distracted        |       |       |     1 |     1 |       |       ||     2
Armor: Animal skin       |    19 |     9 |       |       |       |       ||    28
       Chain mail        |       |    10 |   259 |    11 |       |       ||   280
       Plate armour      |       |       |       |   533 |   428 |    64 ||  1025
Dodge: Dodged            |    54 |    47 |   285 |   474 |   588 |    91 ||  1539
       Repelled          |       |       |       |       |     7 |       ||     7

Table legend: (Time is in decaauts)
 A = Elapsed time spent in this place.
 B = Non-inter-level travel time spent in this place.
 C = Inter-level travel time spent in this place.
 D = Time resting spent in this place.
 E = Time spent auto-exploring this place.
 F = Levels seen in this place.
 G = Mean time per level.
                   A        B        C        D        E       F      G
               +--------+--------+--------+--------+--------+-----+--------+
         Total |  29466 |  27765 |   1701 |   8681 |  12464 |  27 | 1091.3 |
       Dungeon |  15997 |  15033 |    964 |   3445 |   7833 |  15 | 1066.5 |
        Temple |    114 |     99 |     15 |      0 |     98 |   1 |  114.0 |
          Lair |  10117 |   9514 |    603 |   3915 |   3559 |   6 | 1686.2 |
  Orcish Mines |   1962 |   1844 |    118 |    694 |    705 |   2 |  981.0 |
        Bazaar |     54 |     54 |      0 |      0 |     51 |   1 |   54.0 |
        Bailey |      8 |      8 |      0 |      0 |      0 |   1 |    8.0 |
      Ice Cave |   1211 |   1211 |      0 |    626 |    218 |   1 | 1211.0 |
               +--------+--------+--------+--------+--------+-----+--------+

Top non-repeatable levels by time:
  Lair:3: 3112 daAuts
    D:14: 2056 daAuts
  Lair:5: 1729 daAuts
    D:12: 1587 daAuts
  Lair:6: 1562 daAuts
  Lair:1: 1513 daAuts
    D:13: 1489 daAuts
     D:7: 1294 daAuts
   IceCv: 1211 daAuts
  Lair:2: 1193 daAuts
    D:11: 1176 daAuts
     D:5: 1139 daAuts
     D:8: 1131 daAuts
     D:2: 1020 daAuts
     D:4: 1008 daAuts
